 Dungeon Crawl Stone Soup version 0.31-a0-1-g4198be8af4 (webtiles) character file.

Game seed: 8753171202522448676

273 123456 the Trooper (level 6, -1/56 HPs)
             Began as a Minotaur Fighter on May 2, 2023.
             Slain by a yak (12 damage)
             ... on level 4 of the Dungeon.
             The game lasted 00:03:19 (2556 turns).

123456 the Trooper (Minotaur Fighter)               Turns: 2556, Time: 00:03:20

Health: -1/56      AC: 13    Str: 23    XL:     6   Next: 3%
Magic:  5/5        EV: 10    Int:  5    God:
Gold:   129        SH:  4    Dex:  9    Spells: 5/5 levels left

rFire   . . .        a - +0 flail
rCold   . . .        c - +0 buckler
rNeg    . . .        b - +0 scale mail
rPois   .            j - +2 hat
rElec   .            (no cloak)
rCorr   .            (no gloves)
SInv    .            (no boots)
Will    .....        (no amulet) Stlth
                     f - +4 ring of protection
HPRegen 0.29/turn    (no ring)
MPRegen 0.09/turn

%: no passive effects
@: no status effects
A: horns 2, retaliatory headbutt
a: no special abilities


You were on level 4 of the Dungeon.
You visited 1 branch of the dungeon, and saw 5 of its levels.

You collected 129 gold pieces.

Inventory:

Hand Weapons
 a - a +0 flail (weapon)
Armour
 b - a +0 scale mail (worn)
 c - a +0 buckler (worn)
 j - a +2 hat (worn)
Jewellery
 f - a +4 ring of protection (left hand)
Scrolls
 e - a scroll of brand weapon {unknown}
 i - 2 scrolls of vulnerability {unknown}
 l - 3 scrolls of teleportation
 m - a scroll of enchant armour {unknown}
 n - 2 scrolls of poison {unknown}
 o - 3 scrolls of fog
Potions
 d - 2 potions of might
 h - 2 potions of curing {unknown}
 k - 3 potions of heal wounds
 p - a potion of haste {unknown}
 q - a potion of magic {unknown}


   Skills:
 * Level 5.6 Fighting
 * Level 4.8 Maces & Flails
 + Level 4.6 Armour
 + Level 2.3 Dodging
 - Level 3.6 Shields


You had 5 spell levels left.
You didn't know any spells.
Your spell library contained the following spells:

 Spells                   Type           Power      Damage    Failure   Level
 Blink                    Tloc           0%         N/A       93%         2
 Lesser Beckoning         Tloc           0%         N/A       93%         2
 Momentum Strike          Conj/Tloc      0%         3d8       93%         2


Dungeon Overview and Level Annotations

Branches:
Dungeon (5/15)
 Temple: D:4-7

Altars:
Trog


Innate Abilities, Weirdness & Mutations

You have a pair of horns on your head.
You reflexively headbutt those who attack you in melee.


Message History

The yak gores you.
You barely miss the yak. You headbutt the yak.
The yak is heavily wounded.
The yak misses you.
You hit the yak but do no damage.
The yak is heavily wounded.
The yak gores you! The yak gores you but does no damage.
You barely miss the yak.
The yak is heavily wounded.
The yak gores you but does no damage.
Unknown command.
You hit the yak but do no damage. You headbutt the yak!
The yak is severely wounded.
The yak gores you!
You hit the yak. Your headbutt misses the yak.
The yak is severely wounded.
The yak gores you!
You hit the yak.
The yak is severely wounded.
The yak gores you but does no damage.
Unknown command.
The yak attacks as you move away! The yak gores you.
The yak attacks as you move away! The yak gores you.
There is a stone staircase leading up here.
The yak gores you!
* * * LOW HITPOINT WARNING * * *
The yak gores you but does no damage.
You climb upwards.
There is a stone staircase leading down here.
Unknown command.
Unknown command.
Unknown command.
You hit the yak.
The yak is almost dead.
The yak barely misses you. You furiously retaliate!
You headbutt the yak. The yak gores you but does no damage.
You hit the yak. Your headbutt misses the yak.
The yak is almost dead.
The yak gores you!
You die...

.......#..........#+##+##.(......
.......#..........+.....#........
.##..###..........#.....#........
.##..########.....#.....+........
.)..........#.....#.....#....####
............#.....#.....#....#..#
###>.###....#.....#.....#....+..#
########....#...Y.#.....#....#..#
............#...@.#.....#....#..#
............#....Y#.....'....#..#
............'.....#.....#....'..#
............#.....'.....#....#..#
##...###..###.....#######....#..#
##...###..#####...(#..#....###..#
#.............#....#..#....#.....
#.............#....#..#....#.....
#.............#....'..#....#.....


You could see 2 yaks.

Vanquished Creatures
  An orc priest (D:4)
  A sleepcap (D:4)
  Natasha (twice) (D:3)
  An orc wizard (D:4)
  3 adders
  3 gnolls (D:3)
  A worm (D:2)
  2 dart slugs (D:4)
  9 orcs
  6 endoplasms
  A giant cockroach (D:1)
  8 goblins
  5 hobgoblins
  3 quokkas
  6 ball pythons
  2 bats (D:2)
  7 frilled lizards
  6 kobolds
  6 rats
73 creatures vanquished.

Vanquished Creatures (others)
  3 fungi (D:4)
3 creatures vanquished.

Grand Total: 76 creatures vanquished

Notes
Turn   | Place    | Note
-------+----------+-------------------------------------------
     0 | D:1      | 123456 the Minotaur Fighter began the quest for the Orb.
     0 | D:1      | Reached XP level 1. HP: 19/19 MP: 0/0
   131 | D:1      | Reached XP level 2. HP: 23/27 MP: 1/1
   242 | D:1      | Reached skill level 4 in Fighting
   558 | D:2      | Reached skill level 1 in Dodging
   620 | D:2      | Reached XP level 3. HP: 33/33 MP: 2/2
  1231 | D:3      | Reached XP level 4. HP: 41/41 MP: 3/3
  1372 | D:3      | Noticed Natasha
  1375 | D:3      | Killed Natasha
  1518 | D:3      | Noticed Natasha
  1523 | D:3      | Killed Natasha
  1524 | D:3      | Reached skill level 5 in Fighting
  1524 | D:3      | Reached XP level 5. HP: 48/48 MP: 4/4
  1601 | D:3      | Found a bloodstained altar of Trog.
  2375 | D:4      | Reached XP level 6. HP: 46/56 MP: 5/5
  2521 | D:5      | Entered Level 5 of the Dungeon
  2528 | D:5      | Noticed a yak
  2528 | D:5      | Noticed a yak
  2528 | D:5      | Noticed a yak
  2528 | D:5      | Noticed a yak
  2528 | D:5      | Noticed a yak
  2556 | D:4      | Slain by a yak

Illustrated notes

Levels and vault maps discovered:
D:1:      dpeg_arrival_another_circle, layout_rooms, serial_glass,
          glass_columns_c, glass_columns_b, glass_columns_a, glass_columns_b,
          glass_columns_c, glass_columns_a, hangedman_glass_teeth
D:2:      minmay_evil_eye, layout_basic
D:3:      layout_basic, lightli_temple_of_fire, glass_columns_b, uniq_natasha
D:4:      layout_gridville, chequers_serial_rivers_small_a,
          dreamdust_mushroom_princess, minmay_close_crescents
D:5:      layout_basic, chequers_jeans

Skill      XL: |  1  2  3  4  5 |
---------------+----------------+-----
Maces & Flails | 3 4 |  4.8
Fighting       | 4 5 |  5.6
Dodging        | 1 2 |  2.3
Armour         | 4 |  4.6
Shields        | |  3.6

Action                     |  1- 3 |  4- 6 || total
---------------------------+-------+-------++-------
  Melee: Flail             |   111 |    75 ||   186
         Headbutt          |    14 |    19 ||    33
    Use: Scroll            |       |     3 ||     3
 Armour: Scale mail        |    67 |    49 ||   116
  Dodge: Dodged            |    48 |    34 ||    82
  Block: Buckler           |    22 |    18 ||    40

Table legend: (Time is in decaauts)
 A = Elapsed time spent in this place.
 B = Non-inter-level travel time spent in this place.
 C = Inter-level travel time spent in this place.
 D = Time resting spent in this place.
 E = Time spent auto-exploring this place.
 F = Levels seen in this place.
 G = Mean time per level.
                   A        B        C        D        E       F      G
               +--------+--------+--------+--------+--------+-----+--------+
         Total |   2600 |   2518 |     82 |      6 |   2020 |   5 |  520.0 |
       Dungeon |   2600 |   2518 |     82 |      6 |   2020 |   5 |  520.0 |
               +--------+--------+--------+--------+--------+-----+--------+

Top non-repeatable levels by time:
     D:4: 852 daAuts
     D:3: 657 daAuts
     D:1: 531 daAuts
     D:2: 524 daAuts
     D:5: 34 daAuts
